 Dungeon Crawl Stone Soup version 0.18-a0-1562-gac8da35 (webtiles) character file.

1033 M4edhros the Ducker (level 8, -10/48 HPs)
             Began as an Octopode Artificer on Mar 13, 2016.
             Mangled by an ice beast (18 damage)
             ... on level 6 of the Dungeon.
             The game lasted 00:04:54 (3585 turns).

M4edhros the Ducker (Octopode Artificer)            Turns: 3585, Time: 00:04:54

Health: -10/48     AC:  1    Str: 11    XL:     8   Next: 24%
Magic:  0/10       EV: 14    Int: 18    God:
Gold:   233        SH:  3    Dex: 12    Spells: 0 memorised, 7 levels left

rFire  + . .     SeeInvis .     g - +4 spear
rCold  x . .     Gourm    .     a - +0 buckler
rNeg   . . .     Faith    .     (helmet restricted)
rPois  .         Spirit   +     p - amulet of guardian spirit
rElec  .         Dismiss  .     o - -2 ring of dexterity (curse)
rCorr  .         Reflect  .     y - +4 ring of intelligence
SustAt .         Harm     .     C - ring of fire
MR     .....                    (no ring)
Stlth  +++.......               (no ring)
                                (no ring)
                                (no ring)
                                (no ring)

@: not resistant to hostile enchantments, fairly stealthy
A: almost no armour, amphibious, 8 rings, constrict 8, camouflage 1, gelatinous
body 1
a: no special abilities


You were on level 6 of the Dungeon.
You were not hungry.

You visited 1 branch of the dungeon, and saw 6 of its levels.

You collected 233 gold pieces.

Inventory:

Hand Weapons
 g - a +4 spear (weapon)
 A - a +0 whip of electrocution
Missiles
 q - 8 sling bullets
 x - 135 stones (quivered)
Armour
 a - a +0 buckler (worn)
Jewellery
 o - a cursed -2 ring of dexterity (left tentacle)
 p - an amulet of guardian spirit (around mantle)
 y - a +4 ring of intelligence (right tentacle)
 C - a ring of fire (on tentacle)
Wands
 b - a wand of flame (3/48)
 c - a wand of enslavement (10/24)
 d - a wand of random effects (10/48)
 j - a wand of lightning (10/15)
 B - a wand of slowing (23/48)
 F - a wand of random effects (16/48)
 G - a wand of lightning (9/15)
Scrolls
 h - 2 scrolls of fog {unknown}
 i - a scroll of remove curse {unknown}
 k - a scroll of random uselessness {unknown}
 m - 2 scrolls of identify {unknown}
 n - 2 scrolls of magic mapping {unknown}
 u - 2 scrolls of enchant armour {unknown}
 v - 2 scrolls of fear {unknown}
 z - 2 scrolls of teleportation {unknown}
 D - a scroll of torment {unknown}
 I - a scroll of immolation {unknown}
Potions
 e - a potion of might {unknown}
 l - a potion of agility {unknown}
 s - a potion of flight {unknown}
 t - a potion of invisibility {unknown}
 w - a potion of mutation {unknown}
 E - a potion of curing {unknown}
Comestibles
 f - 6 bread rations
 r - 2 meat rations


   Skills:
 - Level 1.0 Fighting
   Level 1.0 Short Blades
 + Level 6.0 Polearms
 + Level 6.9 Dodging
 - Level 2.6 Stealth
 - Level 3.5 Evocations


You had 7 spell levels left.
You didn't know any spells.

Dungeon Overview and Level Annotations

Branches:
Dungeon (6/15)
 Temple: D:4-7

Altars:
Qazlal


Innate Abilities, Weirdness & Mutations

You cannot wear most types of armour.
You are amphibious.
You can wear up to eight rings at the same time.
You can use your tentacles to constrict eight enemies at once.
Your skin changes colour to match your surroundings (Stealth).
Your rubbery body absorbs attacks (AC +1).


Message History

The ice beast hits you. The ice beast freezes you!
You feel a terrible chill!
Evoke which item? (* to show all) (? for menu, Esc to quit)
Zapping:
b - a wand of flame (5/48)
Press: ? - help, Shift-Dir - straight line, f/p - ice beast
Aim: an ice beast (severely wounded)
The puff of flame hits the ice beast.
The ice beast melts!
The ice beast is almost dead.
This wand has 4 charges left.
The ice beast hits you. The ice beast freezes you!
You feel a terrible chill!
* * * LOW HITPOINT WARNING * * *
Evoke which item? (* to show all) (? for menu, Esc to quit)
Zapping:
b - a wand of flame (4/48)
Press: ? - help, Shift-Dir - straight line, f/p - ice beast
Aim: an ice beast (almost dead)
The puff of flame hits the ice beast.
The ice beast is almost dead.
This wand has 3 charges left.
The ice beast hits you.
* * * LOW HITPOINT WARNING * * *
The ice beast freezes you!!
You feel a terrible chill!
You die...

.........####...[#
....###### ##.#.#
.######## #.#.#
))....... #.#.#
######### #.#.#
#.#.# #.#.# #.#.#
#@# #Y# #.# #.#
#%# #.# ..# ....
#####


You could see an ice beast.

Vanquished Creatures
  A phantom (D:4)
  A centaur (D:5)
  An ogre (D:5)
  2 giant frogs (D:6)
  A scorpion (D:5)
  6 orc priests
  2 hounds
  2 orc wizards
  A centaur skeleton (D:6)
  4 iguanas
  5 worker ants
  A worker ant zombie (D:4)
  3 adders
  13 orcs
  3 bats
  A goblin (D:1)
  3 hobgoblins
  5 jackals (D:4)
  2 quokkas
  A ball python (D:2)
  A ball python skeleton (D:4)
  6 giant newts
  A jackal skeleton (D:4)
  A kobold (D:3)
  A quokka skeleton (D:4)
  A rat (D:3)
69 creatures vanquished.

Vanquished Creatures (collateral kills)
  A ball python (D:4)
1 creature vanquished.

Vanquished Creatures (others)
  Pikel (D:4)
  3 slaves (D:4)
  An orc (D:4)
5 creatures vanquished.

Grand Total: 75 creatures vanquished

Notes
Turn   | Place    | Note
--------------------------------------------------------------
     0 | D:1      | M4edhros the Octopode Artificer began the quest for the Orb.
     0 | D:1      | Reached XP level 1. HP: 13/13 MP: 3/3
   160 | D:2      | Reached XP level 2. HP: 12/18 MP: 4/4
   856 | D:4      | Noticed a phantom
   875 | D:4      | Killed a phantom
   875 | D:4      | Reached XP level 3. HP: 15/23 MP: 5/5
   875 | D:4      | Reached XP level 4. HP: 18/28 MP: 6/6
   876 | D:4      | Reached XP level 5. HP: 21/33 MP: 7/7
  1138 | D:4      | Noticed a slave
  1139 | D:4      | Noticed Pikel
  1336 | D:4      | Noticed a slave
  1386 | D:4      | Noticed a freed slave
  1390 | D:4      | Noticed a freed slave
  1613 | D:4      | Killed a freed slave
  1624 | D:4      | Reached XP level 6. HP: 20/38 MP: 5/8
  1630 | D:4      | Killed a freed slave
  1630 | D:4      | Killed Pikel
  2065 | D:4      | Found a stormy altar of Qazlal.
  2266 | D:5      | Entered Level 5 of the Dungeon
  2297 | D:5      | Reached skill level 5 in Dodging
  2394 | D:5      | Reached XP level 7. HP: 39/43 MP: 7/9
  2642 | D:5      | Reached skill level 5 in Polearms
  3221 | D:6      | Reached XP level 8. HP: 27/48 MP: 7/10
  3585 | D:6      | Mangled by an ice beast

Vault maps used:
D:1:      shiori_shiawase
D:3:      nemelex_lonely_heart_becter
D:4:      grunt_qazlal_clouds, uniq_pikel
D:5:      first_bread
D:6:      minmay_temple_entry_purple_smoke, grunt_ministairs_7

Skill      XL: |  1  2  3  4  5  6  7  8 |
---------------+-------------------------+-----
Stealth        | 2 |  2.6
Polearms       | 2 3 4 5 6 |  6.0
Dodging        | 3 4 5 6 |  6.9
Fighting       | |  1.0
Short Blades   | |  1.0
Evocations     | |  3.5

Action                   |  1- 3 |  4- 6 |  7- 9 || total
-------------------------+-------+-------+-------++-------
Melee: Short sword       |    11 |       |       ||    11
       Spear             |    26 |    90 |    91 ||   207
Evoke: Wand              |     5 |    11 |     6 ||    22
 Stab: Sleeping          |     4 |     3 |     6 ||    13
       Distracted        |       |     1 |       ||     1
  Eat: Chunk             |       |     4 |     4 ||     8
